AoeStats
← GN_Anubis

Arabia

504274520Analyzed
2v2 RM · 28d ago on Sep 4, 2026· 28m 6s· 4 players
Game mode
Random Map
Map size
Medium (4 player)
Population
200
Speed
Normal
Resources
Standard
Victory
Conquest
Starting age
Dark Age
Ending age
Imperial Age
RankedLock teamsTeams togetherTeam positionsShared explorationLock speedFull tech treeHidden civsTurbo modeCheats
Victory
Defeat
🇨🇿 Vietnamese · Czechia
1482
+16
🇦🇷 Magyars · Argentina
1462
+17
🇻🇳 Britons · Vietnam
1485
-17
🇯🇵 Maya · Japan
1467
-16
GN_Anubis
7:33 Loom
9:45 Feudal Age
13:23 Fletching
17:34 Padded Archer Armor
22:07 Scale Barding Armor
28:27 Castle Age
Datel
7:45 Loom
10:38 Feudal Age
11:16 Double-Bit Axe
11:12 Horse Collar
15:06 Town Watch
15:23 Fletching
17:07 Padded Archer Armor
25:12 Castle Age
24:38 Wheelbarrow
25:11 Gold Mining
25:35 Crossbowman
26:11 Bodkin Arrow
26:27 Bow Saw
27:00 Leather Archer Armor
27:01 Thumb Ring
27:54 Ballistics
ggmax
0:25 Loom
9:28 Feudal Age
11:12 Double-Bit Axe
13:58 Fletching
14:11 Padded Archer Armor
15:57 Scale Mail Armor
18:27 Forging
Viet Nam Strategy
7:44 Loom
10:20 Feudal Age
11:03 Double-Bit Axe
10:43 Man-at-Arms
14:34 Fletching
15:56 Padded Archer Armor
19:08 Wheelbarrow
23:50 Castle Age
22:26 Gold Mining
23:54 Crossbowman
24:30 Bodkin Arrow
26:00 Leather Archer Armor
27:05 Bow Saw
Connection lost

Rejoining the realm…

Still unreachable

The connection could not be restored.

Session expired

The server has moved on; the page needs a fresh start.